 Dungeon Crawl Stone Soup version 0.30-a0-1066-g63dfefce0d (webtiles) character file.

Game seed: 12840019332838100706

1171 dracfodder the Chopper (level 8, -2/50 HPs)
             Began as a Gargoyle Berserker on Apr 12, 2023.
             Was a Priest of Trog.
             Slain by an orc warrior
             ... wielding a +0 dire flail
              (15 damage)
             ... on level 6 of the Dungeon.
             The game lasted 00:15:31 (4999 turns).

dracfodder the Chopper (Gargoyle Berserker)         Turns: 4999, Time: 00:15:31

Health: -2/50      AC: 15    Str: 22    XL:     8   Next: 41%
Magic:  8/8        EV: 10    Int: 15    God:    Trog [***...]
Gold:   290        SH:  0    Dex:  9    Spells: 7/7 levels left

rFire   . . .      SeeInvis .    b - +0 war axe (vamp)
rCold   . . .      Faith    .    (no shield)
rNeg    + . .      Spirit   .    o - +0 scale mail
rPois   ∞          Reflect  .    m - +0 helmet
rElec   +          Rampage  .    c - +0 cloak
rCorr   .                        (no gloves)
Will    ++...                    (no boots) Stlth
                                 (no amulet)
HPRegen 1.28/turn                u - +6 ring of intelligence
MPRegen 0.11/turn                (no ring)

@: strong-willed (expiring), on berserk cooldown, regenerating (expiring),
slowed, very slow
A: sickness immunity, AC +5, negative energy resistance 1, electricity
resistance, torment resistance 1, petrification resistance
a: Renounce Religion, Berserk, Trog's Hand


You were on level 6 of the Dungeon.
You worshipped Trog.
Trog was most pleased with you.
You visited 1 branch of the dungeon, and saw 6 of its levels.

You collected 290 gold pieces.

Inventory:

Hand Weapons
 a - a +0 mace
 b - a +0 vampiric war axe (weapon)
 d - a +0 sling
Missiles
 x - a silver boomerang (quivered)
Armour
 c - a +0 cloak (worn)
 m - a +0 helmet (worn)
 o - a +0 scale mail (worn)
Jewellery
 u - a +6 ring of intelligence (left hand)
Wands
 l - a wand of paralysis (10)
 n - a wand of quicksilver (3)
 w - a wand of iceblast (2)
Scrolls
 g - a scroll of fear
 i - 2 scrolls of magic mapping
 p - a scroll of enchant weapon {unknown}
 q - a scroll of silence
 v - 2 scrolls of identify
 y - 2 scrolls of enchant armour {unknown}
 z - 2 scrolls of teleportation
 A - a scroll of noise {unknown}
Potions
 e - 3 potions of heal wounds
 f - 5 potions of curing
 h - 3 potions of berserk rage
 j - a potion of might
 k - a potion of invisibility
 r - a potion of haste {unknown}
 s - a potion of attraction {unknown}
 t - a potion of degeneration {unknown}


   Skills:
 + Level 5.4 Fighting
 + Level 6.2(6.6) Axes
 + Level 3.6(5.7) Maces & Flails
 + Level 0.1 Throwing
 + Level 4.4 Armour
 + Level 3.2 Dodging
 + Level 0.8 Stealth


You had 7 spell levels left.
You didn't know any spells.
Your spell library was empty.

Dungeon Overview and Level Annotations

Branches:
Dungeon (6/15)             Temple (0/1) D:5

Altars:
Sif Muna
Vehumet

Shops:
D:1 *[=*   D:5 :


Innate Abilities, Weirdness & Mutations

You are immune to sickness and miasma.
Your stone body is resilient. (AC +5)
You are immune to poison.
You resist negative energy. (rN+)
You are resistant to electric shocks. (rElec)
You are resistant to unholy torment.
You are immune to petrification.


Message History

The white imp hits you but does no damage.
You slash the orc warrior!
You feel better.
The orc warrior is moderately wounded.
You barely miss the orc. You miss something. x2
You hit the white imp but do no damage. You slash the scorpion!
Something hits you but does no damage. The scorpion barely misses you.
The white imp gestures at you. The puff of frost hits you. Something hits you.
The orc hits you but does no damage. Something hits you but does no damage.
The scorpion stings you but does no damage.
Something hits you but does no damage.
You barely miss the orc warrior.
The orc warrior is moderately wounded.
You closely miss the orc. You closely miss something. You hit something.
You barely miss the white imp. You barely miss the scorpion.
You feel the effects of Trog's Hand fading.
The orc warrior hits you but does no damage.
The orc closely misses you. The white imp spits at you.
The white imp hits you but does no damage.
Something hits you but does no damage. The scorpion stings you.
Something hits you.
Something hits you but does no damage. x2
The white imp hits you but does no damage.
The scorpion closely misses you.
You slash the orc!
You kill the orc!
Trog accepts your kill.
You hit the orc warrior. You miss something.
You hit something but do no damage. You slash the white imp!
You hit the scorpion but do no damage. Something hits you.
The scorpion stings you but does no damage.
The orc priest calls upon Beogh to heal the orc priest.
Something hits you but does no damage. The white imp gestures at you.
The puff of frost hits you but does no damage.
Something hits you but does no damage. The scorpion closely misses you.
Something hits you.
* * * LOW HITPOINT WARNING * * *
The orc warrior hits you with a +0 dire flail!
You die...

..........+......#.......
..........##.....# .....
...............#.# .....
.................#......
.................#......
##...............#......
#.............)........
#............)soo......
#.............#@)o.....
..............#{5......
.............'........
.##########........
#........ .........
......... .........


You could see an orc warrior, a scorpion, 2 orc priests and a white imp.

Vanquished Creatures
  Menkaure (D:4)
  A black bear (D:5)
  A phantom (D:6)
  2 scorpions (D:5)
  A jelly (D:3)
  An orc priest (D:6)
  Crazy Yiuf (D:4)
  A gnoll bouda (D:6)
  4 hounds
  A sleepcap (D:6)
  Ijyb (D:4)
  4 iguanas
  2 orc wizards (D:5)
  Natasha (thrice) (D:4)
  Robin (D:4)
  4 adders
  8 gnolls
  3 worms
  2 dart slugs
  20 orcs
  7 endoplasms
  2 giant cockroaches (D:1)
  6 goblins
  12 hobgoblins
  6 jackals
  3 quokkas
  9 ball pythons
  3 bats
  A frilled lizard (D:1)
  4 kobolds
  8 rats
123 creatures vanquished.

Notes
Turn   | Place    | Note
-------+----------+-------------------------------------------
     0 | D:1      | dracfodder the Gargoyle Berserker began the quest for the
                  | Orb.
     0 | D:1      | Reached XP level 1. HP: 14/14 MP: 1/1
    58 | D:1      | Found a faded altar of an unknown god.
   113 | D:1      | Found Woigacwaesch's Jewellery Boutique.
   122 | D:1      | Reached XP level 2. HP: 19/19 MP: 2/2
   384 | D:1      | Found Vadoovif's Assorted Antiques.
   492 | D:1      | Found Hutics's Armour Boutique.
   620 | D:1      | Found Uttastru's General Store.
   788 | D:1      | Reached XP level 3. HP: 21/23 MP: 3/3
  1121 | D:2      | Reached ** piety under Trog
  1718 | D:3      | Reached skill level 1 in Axes
  1720 | D:3      | Reached XP level 4. HP: 18/29 MP: 4/4
  1878 | D:3      | Found a radiant altar of Vehumet.
  2298 | D:3      | Reached skill level 2 in Axes
  2515 | D:3      | Reached XP level 5. HP: 33/33 MP: 5/5
  2532 | D:3      | Found a shimmering blue altar of Sif Muna.
  2742 | D:4      | Noticed Ijyb
  2742 | D:4      | Noticed Robin
  2752 | D:4      | Killed Robin
  2753 | D:4      | Killed Ijyb
  2816 | D:4      | Reached skill level 3 in Axes
  2817 | D:4      | Noticed Menkaure
  2829 | D:4      | Killed Menkaure
  2830 | D:4      | Reached XP level 6. HP: 30/39 MP: 6/6
  3008 | D:4      | Noticed Natasha
  3021 | D:4      | Killed Natasha
  3082 | D:4      | Noticed Natasha
  3087 | D:4      | Killed Natasha
  3088 | D:4      | Reached skill level 4 in Axes
  3122 | D:4      | Reached *** piety under Trog
  3336 | D:4      | Noticed Natasha
  3343 | D:4      | Killed Natasha
  3492 | D:4      | Found a runed translucent door.
  3493 | D:4      | Noticed Crazy Yiuf
  3557 | D:4      | Reached XP level 7. HP: 44/44 MP: 7/7
  3931 | D:4      | Killed Crazy Yiuf
  3985 | D:5      | Entered Level 5 of the Dungeon
  3991 | D:5      | Found a staircase to the Ecumenical Temple.
  4075 | D:5      | Reached skill level 5 in Axes
  4358 | D:5      | Reached XP level 8. HP: 37/48 MP: 8/8
  4691 | D:5      | Found Huxu Yle's Tremendous Tomes.
  4713 | D:5      | Reached skill level 5 in Fighting
  4981 | D:6      | Reached skill level 6 in Axes
  4999 | D:6      | Slain by an orc warrior

Illustrated notes

Levels and vault maps discovered:
D:1:      reono_arrival_mine, layout_basic, serial_shops, shop,
          nicolae_shop_stone, shop, nicolae_shop_overgrown_old_shop,
          shapermc_ecumenical_altar_gd, corexii_item_surrounded_by_moat
D:2:      layout_loops_corners, amcnicky_mini_rare_corridor_liquid
D:3:      layout_loops_corners, mainiacjoe_overflow_alcove_2,
          nicolae_overflow_hidden_temple
D:4:      layout_loops_corners, nicolae_goblin_pals, uniq_menkaure,
          uniq_crazy_yiuf_cottage, uniq_natasha
D:5:      layout_loops_ring, minmay_temple_entry_sparse_star,
          wad_floor_pattern_untrapped, nicolae_shop_i_like_big_books
D:6:      layout_basic, mainiacjoe_overflow_alcove_1

Skill      XL: |  1  2  3  4  5  6  7  8 |
---------------+-------------------------+-----
Axes           | 1 2 3 4 5 6 |  6.2
Fighting       | 4 5 |  5.4
Dodging        | 2 3 |  3.2
Armour         | 3 4 |  4.4
Maces & Flails | |  3.6
Throwing       | |  0.1
Stealth        | |  0.8

Action                     |  1- 3 |  4- 6 |  7- 9 || total
---------------------------+-------+-------+-------++-------
  Melee: Mace              |    10 |       |       ||    10
         War axe           |    93 |   118 |   160 ||   371
         Punch             |     1 |     1 |     4 ||     6
  Throw: Boomerang         |       |       |     5 ||     5
 Invoke: Berserk           |       |     4 |     3 ||     7
         Trog's Hand       |       |     1 |     2 ||     3
    Use: Scroll            |     4 |     7 |     2 ||    13
 Armour: Leather armour    |    48 |    50 |       ||    98
         Scale mail        |       |     2 |   114 ||   116
  Dodge: Dodged            |    61 |    92 |   106 ||   259

Table legend: (Time is in decaauts)
 A = Elapsed time spent in this place.
 B = Non-inter-level travel time spent in this place.
 C = Inter-level travel time spent in this place.
 D = Time resting spent in this place.
 E = Time spent auto-exploring this place.
 F = Levels seen in this place.
 G = Mean time per level.
                   A        B        C        D        E       F      G
               +--------+--------+--------+--------+--------+-----+--------+
         Total |   5154 |   5008 |    146 |    476 |   3547 |   6 |  859.0 |
       Dungeon |   5154 |   5008 |    146 |    476 |   3547 |   6 |  859.0 |
               +--------+--------+--------+--------+--------+-----+--------+

Top non-repeatable levels by time:
     D:4: 1326 daAuts
     D:3: 1067 daAuts
     D:5: 900 daAuts
     D:2: 875 daAuts
     D:1: 837 daAuts
     D:6: 147 daAuts
